[Event "Gibraltar ChallWk1 13th"]
[Site "Gibraltar"]
[Date "2015.01.29"]
[Round "4.6"]
[White "Varga, Klara"]
[Black "Verneuil, Pascal"]
[Result "1-0"]
[ECO "A12"]
[WhiteElo "2145"]
[BlackElo "2093"]
[PlyCount "151"]
[EventDate "2015.01.26"]
[EventType "swiss"]
[EventRounds "5"]
[EventCountry "GGB"]
[SourceTitle "BritBase"]
[Source "www.saund.co.uk"]
[SourceDate "2018.02.10"]
[SourceVersion "1"]
[SourceVersionDate "2018.02.10"]
[SourceQuality "1"]
[TimeControl "6600+755"]
[WhiteClock "0:10:08"]
[BlackClock "0:14:22"]

1. Nf3 d5 2. c4 c6 3. g3 Bg4 4. Bg2 e6 5. b3 Nd7 6. Bb2 Ngf6 7. d3 Bc5 8. O-O
O-O 9. h3 Bh5 10. Nbd2 Qe7 11. a3 a5 12. Qc2 Bd6 13. Nh4 Be5 14. e4 dxe4 15.
dxe4 Bxb2 16. Qxb2 g5 17. Nhf3 Ne8 18. e5 Bg6 19. Qd4 Ng7 20. Ne4 Bxe4 21. Qxe4
Nc5 22. Qc2 Rfd8 23. h4 gxh4 24. Nxh4 Qg5 25. Be4 Nxe4 26. Qxe4 Rd2 27. Nf3 Qh6
28. Nxd2 Qxd2 29. Rfd1 Qc3 30. Rab1 f5 31. Qf4 Qc2 32. Qg5 Rf8 33. Rbc1 Qe4 34.
Re1 Qg4 35. Qxg4 fxg4 36. Re4 h5 37. Rd4 Rf3 38. b4 Rxa3 39. bxa5 Nf5 40. Rd7
Rxa5 41. Rxb7 Ra8 42. Rd1 h4 43. gxh4 Nxh4 44. Kh2 Nf3+ 45. Kg3 Nxe5 46. Re1
Ra3+ 47. Kg2 Ra5 48. Re4 Rc5 49. Re7 Kf8 50. Rxe6 Nxc4 51. Rf4+ Kg7 52. Ree4
Nd6 53. Rxg4+ Kf6 54. Rd4 Nf5 55. Rd8 Ke7 56. Rdg8 Ke6 57. Re4+ Kd6 58. Rg6+
Kc7 59. Kh3 Rd5 60. Kg4 Nd4 61. f4 c5 62. Re7+ Rd7 63. Rxd7+ Kxd7 64. Ra6 c4
65. Ra4 Nc2 66. Kf3 Ne1+ 67. Ke2 Ng2 68. Rxc4 Ke6 69. Kf3 Kd5 70. Rc1 Nh4+ 71.
Kg4 Ng6 72. Re1 Kd6 73. Kg5 Ne7 74. f5 Nc6 75. f6 Ne5 76. Rxe5 1-0

[Event "Gibraltar ChallWk1 13th"]
[Site "Gibraltar"]
[Date "2015.01.29"]
[Round "4.7"]
[White "Kuhne, Detlev"]
[Black "Balogun, Oluwafemi"]
[Result "0-1"]
[ECO "A16"]
[WhiteElo "2131"]
[BlackElo "2193"]
[PlyCount "40"]
[EventDate "2015.01.26"]
[EventType "swiss"]
[EventRounds "5"]
[EventCountry "GGB"]
[SourceTitle "BritBase"]
[Source "www.saund.co.uk"]
[SourceDate "2018.02.10"]
[SourceVersion "1"]
[SourceVersionDate "2018.02.10"]
[SourceQuality "1"]
[TimeControl "6600+650"]
[WhiteClock "1:16:30"]
[BlackClock "1:01:12"]

1. c4 Nf6 2. Nc3 g6 3. Nf3 Bg7 4. g3 O-O 5. Bg2 c6 6. O-O d6 7. d3 h6 8. Rb1 a5
9. a3 Re8 10. Bd2 e5 11. Qc2 d5 12. cxd5 cxd5 13. Rfd1 Nc6 14. Nb5 Be6 15. Rbc1
d4 16. Be1 a4 17. Nd2 Ra5 18. Nd6 Qxd6 19. Nc4 Bxc4 20. Bxa5 Bb3 0-1

[Event "Gibraltar ChallWk1 13th"]
[Site "Gibraltar"]
[Date "2015.01.29"]
[Round "4.8"]
[White "Grabow, Pouelsten Holm"]
[Black "Ibarra Jerez, Juan Miguel"]
[Result "0-1"]
[ECO "A49"]
[WhiteElo "2134"]
[BlackElo "2238"]
[PlyCount "74"]
[EventDate "2015.01.26"]
[EventType "swiss"]
[EventRounds "5"]
[EventCountry "GGB"]
[SourceTitle "BritBase"]
[Source "www.saund.co.uk"]
[SourceDate "2018.02.10"]
[SourceVersion "1"]
[SourceVersionDate "2018.02.10"]
[SourceQuality "1"]
[TimeControl "7200+1520"]
[WhiteClock "0:03:31"]
[BlackClock "0:14:06"]

1. Nf3 g6 2. g3 Bg7 3. Bg2 c5 4. c3 Nf6 5. d4 O-O 6. O-O d6 7. Na3 cxd4 8. cxd4
Nc6 9. b3 Bf5 10. Bb2 Rc8 11. Nh4 Bd7 12. Rc1 d5 13. Nb1 Qb6 14. Nf3 a5 15. Nc3
Rfd8 16. Na4 Qa7 17. Ne5 Be8 18. e3 e6 19. f4 Nxe5 20. fxe5 Nd7 21. Nc3 Nxe5
22. dxe5 Qxe3+ 23. Kh1 Bxe5 24. Nxd5 exd5 25. Rxc8 Rxc8 26. Re1 Qxe1+ 27. Qxe1
Bxb2 28. Bf1 Bc3 29. Qe7 Bc6 30. Kg2 Re8 31. Qc7 d4+ 32. Kh3 d3 33. Bxd3 Re5
34. Bc4 Rh5+ 35. Kg4 Rf5 36. h4 Kg7 37. a4 Bg2 0-1

[Event "Gibraltar ChallWk1 13th"]
[Site "Gibraltar"]
[Date "2015.01.29"]
[Round "4.9"]
[White "Janev, Pavel"]
[Black "Osuna Vega, Enrique"]
[Result "0-1"]
[ECO "C41"]
[WhiteElo "2196"]
[BlackElo "2108"]
[PlyCount "128"]
[EventDate "2015.01.26"]
[EventType "swiss"]
[EventRounds "5"]
[EventCountry "GGB"]
[SourceTitle "BritBase"]
[Source "www.saund.co.uk"]
[SourceDate "2018.02.10"]
[SourceVersion "1"]
[SourceVersionDate "2018.02.10"]
[SourceQuality "1"]
[TimeControl "7200+1245"]
[WhiteClock "0:00:15"]
[BlackClock "0:00:18"]

1. e4 d6 2. d4 Nf6 3. Nc3 e5 4. Nf3 Nbd7 5. Bc4 Be7 6. a4 c6 7. O-O O-O 8. a5
Rb8 9. Re1 b5 10. axb6 axb6 11. h3 Qc7 12. Bg5 b5 13. Bb3 Nb6 14. Bxf6 Bxf6 15.
d5 b4 16. Na4 c5 17. Nxb6 Qxb6 18. Bc4 g6 19. Bd3 Bb7 20. Qe2 Ra8 21. Nd2 Bg7
22. Nc4 Qc7 23. b3 f5 24. Rxa8 Bxa8 25. Ra1 Bb7 26. Qf1 Bc8 27. Ra8 fxe4 28.
Bxe4 Bf5 29. Rxf8+ Bxf8 30. Qd3 Bc8 31. h4 Ba6 32. g3 Bxc4 33. Qxc4 Qe7 34. Qe2
Bh6 35. Qg4 Bd2 36. h5 Kg7 37. hxg6 h6 38. Kf1 Bc1 39. Ke2 Bg5 40. Qc8 Qd8 41.
Qc6 Qf6 42. f3 Qe7 43. Kd3 h5 44. Qc8 Qa7 45. Kc4 h4 46. gxh4 Bxh4 47. Kb5 Be7
48. Kc6 c4 49. bxc4 Qa4+ 50. Kb7 b3 51. Qe6 Qb4+ 52. Kc7 Qa5+ 53. Kd7 Qd8+ 54.
Kc6 Qa8+ 55. Kb5 Qe8+ 56. Kb4 b2 57. c3 Qb8+ 58. Ka3 Qa7+ 59. Kxb2 Qf2+ 60. Bc2
Qb6+ 61. Bb3 Qf2+ 62. Ka3 Qa7+ 63. Ba4 Bg5 64. Qxd6 Be7 0-1

[Event "Gibraltar ChallWk1 13th"]
[Site "Gibraltar"]
[Date "2015.01.29"]
[Round "4.10"]
[White "Daneri, Martin"]
[Black "Pena Riasco, Alexander"]
[Result "0-1"]
[ECO "D02"]
[WhiteElo "2123"]
[BlackElo "2181"]
[PlyCount "102"]
[EventDate "2015.01.26"]
[EventType "swiss"]
[EventRounds "5"]
[EventCountry "GGB"]
[SourceTitle "BritBase"]
[Source "www.saund.co.uk"]
[SourceDate "2018.02.10"]
[SourceVersion "1"]
[SourceVersionDate "2018.02.10"]
[SourceQuality "1"]
[TimeControl "7200+810"]
[WhiteClock "0:02:18"]
[BlackClock "0:17:33"]

1. d4 d5 2. Nf3 Nf6 3. Bf4 Bf5 4. e3 e6 5. Ne5 Nfd7 6. g4 Be4 7. f3 Nxe5 8.
Bxe5 Bg6 9. Bd3 Bd6 10. Bxg7 Qh4+ 11. Kd2 Rg8 12. Be5 Bxe5 13. dxe5 Nd7 14. Kc1
Nxe5 15. Qf1 O-O-O 16. Nd2 Kb8 17. Be2 d4 18. exd4 Rxd4 19. Nb3 Rd6 20. h3 Rgd8
21. f4 Nc6 22. a3 Be4 23. Bf3 Bxf3 24. Qxf3 Nd4 25. Nxd4 Rxd4 26. Kb1 Qf6 27.
Rf1 Rd2 28. Qb3 R8d6 29. Qe3 a6 30. Qe5 Qh4 31. Qh8+ Ka7 32. Qc3 Re2 33. Ka2
Rc6 34. Qd4+ b6 35. Rf3 Rcxc2 36. Rb3 Red2 37. Qe4 Qf2 38. Rb1 Qc5 39. Ka1 h6
40. h4 Qf2 41. h5 Rd4 42. Qh7 Rxf4 43. Qxh6 Rxg4 44. Qh8 Rh4 45. Rd1 Qg2 46. h6
Qg6 47. Rc3 Rxh6 48. Qxh6 Qxh6 49. Rxc2 Kb7 50. Rd7 Qf4 51. Re7 Qd6 0-1

[Event "Gibraltar ChallWk1 13th"]
[Site "Gibraltar"]
[Date "2015.01.29"]
[Round "4.11"]
[White "Agrest, Inna"]
[Black "Jameson, David"]
[Result "1-0"]
[ECO "C78"]
[WhiteElo "2179"]
[BlackElo "2068"]
[PlyCount "110"]
[EventDate "2015.01.26"]
[EventType "swiss"]
[EventRounds "5"]
[EventCountry "GGB"]
[SourceTitle "BritBase"]
[Source "www.saund.co.uk"]
[SourceDate "2018.02.10"]
[SourceVersion "1"]
[SourceVersionDate "2018.02.10"]
[SourceQuality "1"]
[TimeControl "7200+1470"]
[WhiteClock "0:08:16"]
[BlackClock "0:01:16"]

1. e4 e5 2. Nf3 Nc6 3. Bb5 a6 4. Ba4 Nf6 5. d3 Bc5 6. O-O d6 7. c3 b5 8. Bc2
Bb6 9. a4 Bg4 10. Re1 O-O 11. h3 Bh5 12. Nbd2 Re8 13. Nf1 d5 14. Qe2 d4 15. Ng3
Bg6 16. axb5 axb5 17. Bg5 Qd6 18. Nh4 dxc3 19. bxc3 b4 20. Nhf5 Qe6 21. cxb4
Nxb4 22. Ba4 Red8 23. Bb5 Ra2 24. Rxa2 Qxa2 25. Qxa2 Nxa2 26. Ne7+ Kf8 27. Bxf6
gxf6 28. Nc6 Rd6 29. Ra1 Nc3 30. Ra8+ Kg7 31. Ne7 f5 32. Nexf5+ Kf6 33. Nxd6
cxd6 34. Bc4 Bc5 35. Kf1 Nb1 36. Ke2 Kg5 37. Rg8 Kf6 38. h4 h5 39. Nf1 Na3 40.
Nd2 Nc2 41. Nb3 Nd4+ 42. Nxd4 Bxd4 43. f3 Bc5 44. g4 Bh7 45. g5+ Ke7 46. Rg7
Bg6 47. Bxf7 Bxf7 48. g6 Kf6 49. Rxf7+ Kxg6 50. Rf5 Bd4 51. f4 exf4 52. Rxf4
Be5 53. Rf5 Bh2 54. d4 Kh6 55. Kf3 Bg1 1-0

[Event "Gibraltar ChallWk1 13th"]
[Site "Gibraltar"]
[Date "2015.01.29"]
[Round "4.12"]
[White "Rodriguez Alvarez, Vidal"]
[Black "Severijnen, Arjon"]
[Result "1-0"]
[ECO "A53"]
[WhiteElo "2122"]
[BlackElo "2172"]
[PlyCount "59"]
[EventDate "2015.01.26"]
[EventType "swiss"]
[EventRounds "5"]
[EventCountry "GGB"]
[SourceTitle "BritBase"]
[Source "www.saund.co.uk"]
[SourceDate "2018.02.10"]
[SourceVersion "1"]
[SourceVersionDate "2018.02.10"]
[SourceQuality "1"]
[TimeControl "7200+990"]
[WhiteClock "0:37:32"]
[BlackClock "0:08:30"]

1. d4 Nf6 2. c4 d6 3. Nc3 e5 4. dxe5 dxe5 5. Qxd8+ Kxd8 6. Nf3 Nbd7 7. Rg1 c6
8. g4 Bb4 9. Bd2 Ke7 10. g5 Ne8 11. Nd5+ cxd5 12. Bxb4+ Kd8 13. cxd5 a5 14. Bc3
f6 15. gxf6 gxf6 16. Bh3 b5 17. a3 Nd6 18. Rc1 Re8 19. Nd2 Nb6 20. Rg3 Nxd5 21.
Bxc8 Nxc3 22. Bh3 Nce4 23. Rd3 Ke7 24. Nxe4 Nxe4 25. Rd7+ Kf8 26. Rcc7 Ng5 27.
Bf5 Rad8 28. Rg7 Rd4 29. Bxh7 Nxh7 30. Rcf7# 1-0

[Event "Gibraltar ChallWk1 13th"]
[Site "Gibraltar"]
[Date "2015.01.29"]
[Round "4.13"]
[White "Fiori, Hector"]
[Black "Elishev, Ivan"]
[Result "1-0"]
[ECO "B06"]
[WhiteElo "2066"]
[BlackElo "2153"]
[PlyCount "91"]
[EventDate "2015.01.26"]
[EventType "swiss"]
[EventRounds "5"]
[EventCountry "GGB"]
[SourceTitle "BritBase"]
[Source "www.saund.co.uk"]
[SourceDate "2018.02.10"]
[SourceVersion "1"]
[SourceVersionDate "2018.02.10"]
[SourceQuality "1"]
[TimeControl "7200+1275"]
[WhiteClock "0:21:04"]
[BlackClock "0:00:28"]

1. e4 Nc6 2. Nf3 d6 3. d4 g6 4. h3 Bg7 5. Be3 e5 6. Nc3 exd4 7. Nxd4 Nge7 8.
Qd2 O-O 9. O-O-O f5 10. Bc4+ Kh8 11. Nxc6 bxc6 12. Bd4 Ng8 13. exf5 Bxf5 14. g4
Bd7 15. Ne4 Nf6 16. Nxf6 Rxf6 17. g5 Re6 18. Bxg7+ Kxg7 19. Qd4+ Kg8 20. Bxe6+
Bxe6 21. Rhe1 Qxg5+ 22. f4 Qf5 23. h4 c5 24. Qe4 Qxe4 25. Rxe4 Kf7 26. Rde1 Re8
27. b3 Kf6 28. Kb2 Kf5 29. Ka3 Re7 30. R4e3 h6 31. c3 a5 32. b4 cxb4+ 33. cxb4
axb4+ 34. Kxb4 c5+ 35. Kc3 d5 36. Re5+ Kf6 37. Kd2 Kf7 38. a4 Ra7 39. Rxe6 Rxa4
40. f5 g5 41. hxg5 hxg5 42. Rb1 Rf4 43. Rb7+ Kf8 44. Ra6 Re4 45. Rf6+ Kg8 46.
Re6 1-0

[Event "Gibraltar ChallWk1 13th"]
[Site "Gibraltar"]
[Date "2015.01.29"]
[Round "4.14"]
[White "Herman, Diego"]
[Black "Gieritz, Dietmar"]
[Result "1-0"]
[ECO "C02"]
[WhiteElo "2148"]
[BlackElo "2048"]
[PlyCount "231"]
[EventDate "2015.01.26"]
[EventType "swiss"]
[EventRounds "5"]
[EventCountry "GGB"]
[SourceTitle "BritBase"]
[Source "www.saund.co.uk"]
[SourceDate "2018.02.10"]
[SourceVersion "1"]
[SourceVersionDate "2018.02.10"]
[SourceQuality "1"]
[TimeControl "6600+1520"]
[WhiteClock "0:02:48"]
[BlackClock "0:06:57"]

1. e4 e6 2. d4 d5 3. e5 c5 4. c3 Nc6 5. Nf3 Qb6 6. Bd3 Bd7 7. O-O cxd4 8. cxd4
Nxd4 9. Nbd2 Nc6 10. Nb3 f6 11. Be3 Qc7 12. Nc5 g6 13. Rc1 Bg7 14. Nd4 fxe5 15.
Ndxe6 Bxe6 16. Nxe6 Qe7 17. Qg4 e4 18. Bb5 Nf6 19. Qh3 Kf7 20. Ng5+ Kg8 21.
Bxc6 bxc6 22. Rxc6 h6 23. Ne6 Rh7 24. Rc7 Qd6 25. Rfc1 Bf8 26. R7c6 Qb4 27. Bd4
Rf7 28. Qg3 Kh7 29. Bc3 Qe7 30. Bxf6 Rxf6 31. Rc7 Rxe6 32. Rxe7+ Rxe7 33. Rc7
Rxc7 34. Qxc7+ Bg7 35. Kf1 d4 36. Ke2 a5 37. Qc6 Rb8 38. b3 a4 39. Qxe4 axb3
40. axb3 Rxb3 41. Qd5 Rb2+ 42. Kf3 h5 43. h3 Rc2 44. g4 Rc3+ 45. Kg2 hxg4 46.
hxg4 Rd3 47. g5 Rd2 48. Qd7 Re2 49. Qh3+ Kg8 50. Qc8+ Kh7 51. Qh3+ Kg8 52. Qd3
Re5 53. Qxg6 d3 54. Qxd3 Rxg5+ 55. Kf3 Re5 56. Kg4 Kf7 57. f4 Re6 58. Qd7+ Kf6
59. Qd8+ Kf7 60. Qd5 Kf6 61. Qg5+ Kf7 62. Qh5+ Kf6 63. Qf5+ Ke7 64. Qd5 Kf6 65.
f5 Re5 66. Qd6+ Kf7 67. Qg6+ Kf8 68. f6 Bh8 69. Qh6+ Kg8 70. Qg6+ Kf8 71. Qh6+
Kg8 72. f7+ Kxf7 73. Qxh8 Rd5 74. Qh7+ Kf6 75. Qe4 Re5 76. Qc6+ Re6 77. Qd5 Re5
78. Qd4 Ke6 79. Kf4 Rf5+ 80. Ke4 Rh5 81. Qb6+ Kf7 82. Qc7+ Kg6 83. Qd6+ Kg5 84.
Qe6 Rh4+ 85. Kf3 Rf4+ 86. Kg3 Rf5 87. Qe3+ Kf6 88. Kg4 Re5 89. Qd4 Ke6 90. Kf4
Rh5 91. Qb6+ Kf7 92. Qc6 Ke7 93. Qc7+ Ke6 94. Qd8 Rf5+ 95. Ke4 Re5+ 96. Kd4 Rf5
97. Qe8+ Kf6 98. Ke4 Rg5 99. Qf8+ Kg6 100. Kf4 Rh5 101. Qe8+ Kh6 102. Kg4 Rg5+
103. Kh4 Rg7 104. Qe6+ Rg6 105. Qf7 Rg4+ 106. Kh3 Rg7 107. Qf4+ Kg6 108. Kg4
Rf7 109. Qg5+ Kh7 110. Kh5 Rg7 111. Qf5+ Kg8 112. Kh6 Rf7 113. Qc8+ Rf8 114.
Qe6+ Kh8 115. Qe5+ Kg8 116. Qg7# 1-0

[Event "Gibraltar ChallWk1 13th"]
[Site "Gibraltar"]
[Date "2015.01.29"]
[Round "4.15"]
[White "Agbabishvili, Lali"]
[Black "Dougherty, Michael"]
[Result "0-1"]
[ECO "A26"]
[WhiteElo "1978"]
[BlackElo "2138"]
[PlyCount "106"]
[EventDate "2015.01.26"]
[EventType "swiss"]
[EventRounds "5"]
[EventCountry "GGB"]
[SourceTitle "BritBase"]
[Source "www.saund.co.uk"]
[SourceDate "2018.02.10"]
[SourceVersion "1"]
[SourceVersionDate "2018.02.10"]
[SourceQuality "1"]
[TimeControl "7200+1450"]
[WhiteClock "0:02:02"]
[BlackClock "0:05:05"]

1. c4 g6 2. g3 Bg7 3. Bg2 d6 4. d3 e5 5. Nc3 Nc6 6. Nf3 Nge7 7. O-O h6 8. Rb1
a5 9. a3 Bg4 10. Nd5 Qd7 11. h3 Bxf3 12. Bxf3 Nxd5 13. cxd5 Nd4 14. Bg2 a4 15.
e4 O-O 16. Be3 Nb3 17. Kh2 f5 18. exf5 gxf5 19. f4 Rae8 20. Rf2 Re7 21. Qh5
exf4 22. Bxf4 Qe8 23. Bf3 Nc5 24. Rd1 Qxh5 25. Bxh5 Bd4 26. Rg2 Kh7 27. Rc2 b5
28. Kg2 Rb8 29. Rdd2 Re1 30. Re2 Rxe2+ 31. Rxe2 Bf6 32. Rc2 b4 33. axb4 Rxb4
34. Bc1 Rb3 35. Be2 Kg6 36. h4 Be5 37. h5+ Kg7 38. Kf3 Rb4 39. Kg2 Bf6 40. Be3
Rxb2 41. Rxb2 Bxb2 42. Bxc5 dxc5 43. Bd1 a3 44. Bb3 Kf6 45. Kf3 Kg5 46. Bc4
Kxh5 47. Kf4 Kg6 48. g4 Bc1+ 49. Kf3 fxg4+ 50. Kxg4 h5+ 51. Kh4 Bg5+ 52. Kg3
Kf6 53. Kf3 Ke5 0-1

[Event "Gibraltar ChallWk1 13th"]
[Site "Gibraltar"]
[Date "2015.01.29"]
[Round "4.16"]
[White "Dolzhikova, Olga"]
[Black "Boyer Censore, Giuseppe Enmanu"]
[Result "0-1"]
[ECO "B22"]
[WhiteElo "2194"]
[BlackElo "1960"]
[PlyCount "66"]
[EventDate "2015.01.26"]
[EventType "swiss"]
[EventRounds "5"]
[EventCountry "GGB"]
[SourceTitle "BritBase"]
[Source "www.saund.co.uk"]
[SourceDate "2018.02.10"]
[SourceVersion "1"]
[SourceVersionDate "2018.02.10"]
[SourceQuality "1"]
[TimeControl "7200+1370"]
[WhiteClock "0:11:28"]
[BlackClock "0:10:11"]

1. e4 c5 2. c3 d5 3. exd5 Qxd5 4. d4 g6 5. dxc5 Qxc5 6. Na3 a6 7. Nc4 Nd7 8.
Be3 Qc7 9. Qd4 Ngf6 10. Bf4 Qd8 11. Qe3 Bg7 12. Nd6+ Kf8 13. Nxc8 Nd5 14. Qf3
Nxf4 15. Qxf4 Rxc8 16. Rd1 Qc7 17. Qf3 Bf6 18. Nh3 Kg7 19. Be2 Rhd8 20. O-O Qb6
21. Rb1 Ne5 22. Qf4 h6 23. Qc1 Qe6 24. Ra1 Qf5 25. Rd1 Qe4 26. Bf1 Nc6 27. Re1
Qa4 28. Qe3 Ne5 29. f3 Qc2 30. Re2 Qf5 31. Rd2 Rxd2 32. Qxd2 Qxh3 33. f4 Qd7
0-1

[Event "Gibraltar ChallWk1 13th"]
[Site "Gibraltar"]
[Date "2015.01.29"]
[Round "4.17"]
[White "Gonzalez Gonzalez, Alfonso"]
[Black "Hamer, Martyn"]
[Result "1-0"]
[ECO "A45"]
[WhiteElo "2160"]
[BlackElo "2014"]
[PlyCount "49"]
[EventDate "2015.01.26"]
[EventType "swiss"]
[EventRounds "5"]
[EventCountry "GGB"]
[SourceTitle "BritBase"]
[Source "www.saund.co.uk"]
[SourceDate "2018.02.10"]
[SourceVersion "1"]
[SourceVersionDate "2018.02.10"]
[SourceQuality "1"]
[TimeControl "7200+1210"]
[WhiteClock "0:39:36"]
[BlackClock "0:42:39"]

1. d4 Nf6 2. Bg5 Ne4 3. Bh4 g5 4. f3 gxh4 5. fxe4 e5 6. Nf3 exd4 7. Qxd4 Rg8 8.
e5 Nc6 9. Qe4 Bg7 10. Qxh7 Kf8 11. Qe4 Qe7 12. Nc3 Nxe5 13. Nxh4 d6 14. Nd5 Qd8
15. g3 c6 16. Ne3 Qb6 17. Bg2 Be6 18. Rd1 d5 19. Qf4 Re8 20. O-O Ke7 21. Kh1
Kd7 22. c4 Kc8 23. cxd5 Bxd5 24. Nxd5 cxd5 25. Rxd5 1-0

[Event "Gibraltar ChallWk1 13th"]
[Site "Gibraltar"]
[Date "2015.01.30"]
[Round "5.1"]
[White "Urbina Perez, Juan Antonio"]
[Black "Sanchez Botella, Luis Javier"]
[Result "1/2-1/2"]
[ECO "D14"]
[WhiteElo "2221"]
[BlackElo "2246"]
[PlyCount "33"]
[EventDate "2015.01.26"]
[EventType "swiss"]
[EventRounds "5"]
[EventCountry "GGB"]
[SourceTitle "BritBase"]
[Source "www.saund.co.uk"]
[SourceDate "2018.02.10"]
[SourceVersion "1"]
[SourceVersionDate "2018.02.10"]
[SourceQuality "1"]
[TimeControl "7200+180"]
[WhiteClock "1:42:32"]
[BlackClock "1:39:42"]

1. d4 d5 2. Nf3 Nf6 3. c4 c6 4. cxd5 cxd5 5. Nc3 Nc6 6. Bf4 Bf5 7. e3 e6 8. Bd3
Bxd3 9. Qxd3 Bd6 10. Bxd6 Qxd6 11. O-O O-O 12. Rfc1 Rac8 13. a3 Qb8 14. h3 Ne7
15. Ne2 h6 16. Rxc8 Rxc8 17. Rc1 1/2-1/2

[Event "Gibraltar ChallWk1 13th"]
[Site "Gibraltar"]
[Date "2015.01.30"]
[Round "5.2"]
[White "Menna Barreto, Felipe Kubiaki"]
[Black "Galmandakh, Badrakh"]
[Result "0-1"]
[ECO "C41"]
[WhiteElo "2247"]
[BlackElo "2240"]
[PlyCount "84"]
[EventDate "2015.01.26"]
[EventType "swiss"]
[EventRounds "5"]
[EventCountry "GGB"]
[SourceTitle "BritBase"]
[Source "www.saund.co.uk"]
[SourceDate "2018.02.10"]
[SourceVersion "1"]
[SourceVersionDate "2018.02.10"]
[SourceQuality "1"]
[TimeControl "7200+3380"]
[WhiteClock "1:06:35"]
[BlackClock "0:00:27"]

1. d4 d6 2. e4 Nf6 3. Nc3 e5 4. Nf3 Nbd7 5. Bc4 Be7 6. O-O O-O 7. Re1 c6 8. a4
b6 9. Ba2 Bb7 10. h3 a6 11. Be3 Qc7 12. Nh4 g6 13. Nf3 exd4 14. Bxd4 Ne5 15.
Nd2 Nh5 16. Be3 Nd7 17. Bh6 Ng7 18. Nf3 Nc5 19. Ng5 Bf6 20. Qg4 Bc8 21. Qg3
Nce6 22. Rad1 Bxg5 23. Bxg5 Nxg5 24. Qxg5 Be6 25. Rd3 Rae8 26. Qd2 Bxa2 27.
Nxa2 Re6 28. Nc3 Qe7 29. Rd1 Ne8 30. Qe3 f5 31. Qxb6 fxe4 32. Re3 d5 33. Qxa6
Ng7 34. Ree1 Ref6 35. Qb6 Nf5 36. a5 Nh4 37. Rxd5 Rxf2 38. Qxc6 Rxg2+ 39. Kh1
Rff2 40. Qa8+ Kg7 41. Qb8 Nf3 42. Re2 Rg1# 0-1

[Event "Gibraltar ChallWk1 13th"]
[Site "Gibraltar"]
[Date "2015.01.30"]
[Round "5.3"]
[White "Byron, Alan M"]
[Black "Longa Yauca, Javier"]
[Result "0-1"]
[ECO "C75"]
[WhiteElo "2188"]
[BlackElo "2245"]
[PlyCount "106"]
[EventDate "2015.01.26"]
[EventType "swiss"]
[EventRounds "5"]
[EventCountry "GGB"]
[SourceTitle "BritBase"]
[Source "www.saund.co.uk"]
[SourceDate "2018.02.10"]
[SourceVersion "1"]
[SourceVersionDate "2018.02.10"]
[SourceQuality "1"]
[TimeControl "7200+835"]
[WhiteClock "0:03:26"]
[BlackClock "0:27:03"]

1. e4 e5 2. Nf3 Nc6 3. Bb5 a6 4. Ba4 Nge7 5. c3 d6 6. O-O Bd7 7. Bb3 Ng6 8. d4
Be7 9. Re1 O-O 10. Nbd2 Kh8 11. Nf1 Bg4 12. d5 Na5 13. Ne3 Nxb3 14. axb3 Bd7
15. Nf5 Bf6 16. c4 Nf4 17. b4 g6 18. Ne3 Bg7 19. Nc2 Qf6 20. Bxf4 Qxf4 21. Qd2
Qg4 22. h3 Qh5 23. Qg5 Qxg5 24. Nxg5 Bh6 25. Nf3 f5 26. Ne3 fxe4 27. Nd2 Rf4
28. Nd1 e3 29. fxe3 Rh4 30. b3 Rf8 31. Ra2 c6 32. Nf3 Rh5 33. dxc6 Bxc6 34. e4
Rf4 35. Nf2 Bf8 36. Ree2 Be7 37. Kh2 g5 38. Kg1 Rh6 39. Nd2 Rg6 40. g3 Rf8 41.
Nd1 g4 42. h4 Bd8 43. Ne3 Bb6 44. Kg2 h5 45. Nd5 Bd4 46. Nf1 Bxd5 47. exd5 Rgf6
48. Ne3 Rf3 49. Nd1 Rxb3 50. c5 Rff3 51. cxd6 Rxg3+ 52. Kh1 Rg1+ 53. Kh2 Rh3#
0-1

[Event "Gibraltar ChallWk1 13th"]
[Site "Gibraltar"]
[Date "2015.01.30"]
[Round "5.4"]
[White "Vea, Odin Blikra"]
[Black "Varga, Klara"]
[Result "0-1"]
[ECO "C10"]
[WhiteElo "2242"]
[BlackElo "2145"]
[PlyCount "78"]
[EventDate "2015.01.26"]
[EventType "swiss"]
[EventRounds "5"]
[EventCountry "GGB"]
[SourceTitle "BritBase"]
[Source "www.saund.co.uk"]
[SourceDate "2018.02.10"]
[SourceVersion "1"]
[SourceVersionDate "2018.02.10"]
[SourceQuality "1"]
[TimeControl "6600+785"]
[WhiteClock "0:52:13"]
[BlackClock "1:10:50"]

1. e4 e6 2. d4 d5 3. Nc3 Nc6 4. Nf3 Nf6 5. e5 Ne4 6. Bd3 Bb4 7. Bd2 Nxd2 8.
Qxd2 f6 9. a3 Bxc3 10. Qxc3 fxe5 11. dxe5 Bd7 12. O-O-O Qe7 13. Rhe1 O-O-O 14.
Bb5 Nb8 15. Bf1 Rdf8 16. Qe3 c5 17. Kb1 Bc6 18. Nd2 g5 19. c4 d4 20. Qg3 h5 21.
f3 Rf4 22. Bd3 Nd7 23. Re2 Qg7 24. Qe1 g4 25. Qg3 Rhf8 26. Rde1 h4 27. Qf2 gxf3
28. gxf3 Bxf3 29. Bc2 Bxe2 30. Qxe2 Rf2 31. Qd1 Qg2 32. Ne4 Rf1 33. Nf6 Rxe1
34. Qxe1 Nxf6 35. exf6 Rxf6 36. Qa5 Rf1+ 37. Ka2 Qxc2 38. Qxc5+ Kd7 39. Qxd4+
Kc6 0-1

[Event "Gibraltar ChallWk1 13th"]
[Site "Gibraltar"]
[Date "2015.01.30"]
[Round "5.5"]
[White "Ibarra Jerez, Juan Miguel"]
[Black "Dougherty, Michael"]
[Result "1-0"]
[ECO "B33"]
[WhiteElo "2238"]
[BlackElo "2138"]
[PlyCount "63"]
[EventDate "2015.01.26"]
[EventType "swiss"]
[EventRounds "5"]
[EventCountry "GGB"]
[SourceTitle "BritBase"]
[Source "www.saund.co.uk"]
[SourceDate "2018.02.10"]
[SourceVersion "1"]
[SourceVersionDate "2018.02.10"]
[SourceQuality "1"]
[TimeControl "6600+1660"]
[WhiteClock "0:07:27"]
[BlackClock "0:26:29"]

1. e4 c5 2. Nc3 e6 3. Nge2 Nc6 4. d4 cxd4 5. Nxd4 Nf6 6. Ndb5 d6 7. Bf4 e5 8.
Bg5 a6 9. Na3 b5 10. Nd5 Be7 11. Bxf6 Bxf6 12. c4 b4 13. Nc2 Rb8 14. Qf3 Be6
15. Rd1 Bg5 16. b3 O-O 17. h4 Bh6 18. g4 f6 19. Qg3 Rb7 20. Rg1 Bxd5 21. Rxd5
Bf4 22. Qd3 Ne7 23. Rxd6 Qa5 24. g5 fxg5 25. hxg5 Qxa2 26. Bh3 Qb1+ 27. Qd1
Qxb3 28. Be6+ Kh8 29. Rd3 Qa4 30. Rh3 g6 31. Rgh1 Nc8 32. Qg4 1-0

[Event "Gibraltar ChallWk1 13th"]
[Site "Gibraltar"]
[Date "2015.01.30"]
[Round "5.6"]
[White "Balogun, Oluwafemi"]
[Black "Rodriguez Alvarez, Vidal"]
[Result "0-1"]
[ECO "A08"]
[WhiteElo "2193"]
[BlackElo "2122"]
[PlyCount "88"]
[EventDate "2015.01.26"]
[EventType "swiss"]
[EventRounds "5"]
[EventCountry "GGB"]
[SourceTitle "BritBase"]
[Source "www.saund.co.uk"]
[SourceDate "2018.02.10"]
[SourceVersion "1"]
[SourceVersionDate "2018.02.10"]
[SourceQuality "1"]
[TimeControl "7200+860"]
[WhiteClock "0:10:11"]
[BlackClock "0:05:18"]

1. e4 c5 2. Nf3 Nc6 3. d3 g6 4. g3 Bg7 5. Bg2 e5 6. c3 Nge7 7. O-O O-O 8. Na3
d5 9. exd5 Nxd5 10. Re1 Re8 11. Nc4 h6 12. a4 Bf5 13. Nh4 Be6 14. a5 Qc7 15.
Qa4 Rad8 16. Qb5 a6 17. Qa4 Kh7 18. Nf3 Bf5 19. Ne3 Nxe3 20. Bxe3 Qd6 21. Qb3
Rd7 22. Qb6 Bf8 23. Nd2 Bxd3 24. Nb3 c4 25. Nc5 e4 26. Nxd7 Qxd7 27. b3 Ne5 28.
Kh1 Re6 29. Qd4 cxb3 30. Qxd7 Nxd7 31. Bc1 Bc5 32. Bh3 f5 33. g4 Rf6 34. gxf5
gxf5 35. f3 Ne5 36. fxe4 fxe4 37. Bg2 Nf3 38. Rd1 Kg6 39. Bb2 Bc2 40. Rd5 Rf5
41. Rd7 e3 42. c4 e2 43. Bh3 Rg5 44. Be6 Ne5 0-1